[ AOE2 MATCH · #508112614 ]
UnrankedWei vs Magyars
[ REPLAY ANALYSIS · EXTRACTED FROM THE RECORDED GAME ]
Feudal
9:16
Castle
23:19
Imperial
—
| APM avg | 47.0 |
| APM peak | 78 |
| eAPM avg | 25.0 |
| Villagers / military | 76 / 38 |
Focus
⚔️ 29.2% · 🌾 70.8%
Archer ×32 · Unknown (1952) ×24 · Spearman ×6
Feudal
9:44
Castle
22:03
Imperial
—
| APM avg | 37.9 |
| APM peak | 67 |
| eAPM avg | 16.2 |
| Villagers / military | 71 / 21 |
Focus
⚔️ 18.3% · 🌾 81.7%
Knight ×12 · Scout Cavalry ×9
Feudal
13:19
Castle
22:00
Imperial
—
| APM avg | 42.7 |
| APM peak | 84 |
| eAPM avg | 22.3 |
| Villagers / military | 66 / 4 |
Focus
⚔️ 34.0% · 🌾 66.0%
Unknown (2550) ×51 · Spearman ×4
Feudal
9:16
Castle
22:20
Imperial
—
| APM avg | 32.9 |
| APM peak | 66 |
| eAPM avg | 17.1 |
| Villagers / military | 63 / 32 |
Focus
⚔️ 33.0% · 🌾 67.0%
Scout Cavalry ×21 · Knight ×11
Match map
Initial resources + every placement click. Lines = walls · curves = elevation contours. ◆ gold · ⬟ stone · ● berries · ✦ relic · ◌ wall gap
Your base· Open — opponent sealed themselves in
WASKA EN LA CARA's base· ✓ Closed at 22:03 · 26t walls · 1 gate(s)
CONCHA MÁGICA's base· ✓ Closed at 22:00 · 58t walls · no gate
LMG_Leonardo's base· ✓ Closed at 22:20 · 48t walls · 2 gate(s)
Smoothed initial terrain · ◌ = detected wall gap · hover for details
Inputs per minute
— LMG_HERA DE TEMU - - WASKA EN LA CARA
Build order — LMG_HERA DE TEMU
First 150 of 224 actions detected
| 0:01 | Queue | Villager (Male) |
| 0:01 | Queue | Villager (Male) |
| 0:01 | Queue | Villager (Male) |
| 0:01 | Queue | Villager (Male) |
| 0:02 | Build | House |
| 0:04 | Build | House |
| 1:36 | Queue | Villager (Male) |
| 1:36 | Queue | Villager (Male) |
| 1:36 | Queue | Villager (Male) |
| 1:43 | Queue | Villager (Male) |
| 1:43 | Queue | Villager (Male) |
| 1:43 | Queue | Villager (Male) |
| 1:51 | Build | Lumber Camp |
| 2:23 | Queue | Villager (Male) |
| 2:23 | Queue | Villager (Male) |
| 2:24 | Queue | Villager (Male) |
| 2:42 | Queue | Villager (Male) |
| 2:43 | Queue | Villager (Male) |
| 2:56 | Queue | Villager (Male) |
| 2:57 | Queue | Villager (Male) |
| 3:22 | Queue | Villager (Male) |
| 3:23 | Queue | Villager (Male) |
| 3:43 | Queue | Villager (Male) |
| 3:43 | Queue | Villager (Male) |
| 3:53 | Build | House |
| 3:54 | Build | House |
| 4:06 | Queue | Villager (Male) |
| 4:07 | Queue | Villager (Male) |
| 4:13 | Queue | Villager (Male) |
| 4:13 | Queue | Villager (Male) |
| 5:05 | Build | Mill |
| 5:08 | Queue | Villager (Male) |
| 5:09 | Queue | Villager (Male) |
| 5:16 | Queue | Villager (Male) |
| 5:16 | Queue | Villager (Male) |
| 5:59 | Queue | Villager (Male) |
| 6:34 | Research | Loom |
| 7:04 | Research | Feudal Age |
| 7:10 | Build | Lumber Camp |
| 7:43 | Build | Mining Camp |
| 8:15 | Queue | Villager (Male) |
| 8:15 | Queue | Villager (Male) |
| 8:32 | Build | Barracks |
| 8:45 | Queue | Villager (Male) |
| 8:45 | Queue | Villager (Male) |
| 9:08 | Build | Palisade Wall |
| 9:09 | Build | Palisade Wall |
| 9:13 | Build | Palisade Wall |
| 9:14 | Build | Palisade Wall |
| 9:16 | Age | Feudal Age |
| 9:40 | Build | Archery Range |
| 9:43 | Queue | Spearman |
| 9:48 | Build | House |
| 9:52 | Queue | Spearman |
| 10:06 | Build | Palisade Wall |
| 10:13 | Build | Palisade Wall |
| 10:20 | Queue | Spearman |
| 10:36 | Build | Archery Range |
| 10:45 | Queue | Villager (Male) |
| 10:46 | Queue | Villager (Male) |
| 10:52 | Build | Palisade Gate |
| 10:56 | Build | Palisade Wall |
| 11:03 | Build | House |
| 11:18 | Build | Palisade Gate |
| 11:21 | Build | Palisade Wall |
| 11:23 | Queue | Villager (Male) |
| 11:23 | Queue | Villager (Male) |
| 11:24 | Queue | Villager (Male) |
| 11:45 | Queue | Archer |
| 11:45 | Queue | Archer |
| 11:46 | Queue | Archer |
| 11:46 | Queue | Archer |
| 11:46 | Queue | Archer |
| 11:57 | Queue | Villager (Male) |
| 11:57 | Queue | Villager (Male) |
| 12:02 | Build | Farm |
| 12:09 | Build | House |
| 12:11 | Build | House |
| 12:52 | Queue | Archer |
| 12:52 | Queue | Archer |
| 12:58 | Queue | Spearman |
| 12:58 | Queue | Spearman |
| 13:00 | Queue | Villager (Male) |
| 13:00 | Queue | Villager (Male) |
| 13:13 | Build | House |
| 13:21 | Queue | Villager (Male) |
| 13:22 | Queue | Villager (Male) |
| 13:22 | Queue | Villager (Male) |
| 13:33 | Build | House |
| 13:39 | Build | House |
| 13:45 | Queue | Spearman |
| 14:13 | Queue | Villager (Male) |
| 14:14 | Queue | Villager (Male) |
| 14:15 | Build | Farm |
| 14:17 | Build | Farm |
| 14:18 | Build | Farm |
| 14:20 | Build | Farm |
| 14:21 | Build | Farm |
| 14:43 | Queue | Villager (Male) |
| 14:43 | Queue | Villager (Male) |
| 14:44 | Queue | Archer |
| 14:44 | Queue | Archer |
| 14:45 | Queue | Archer |
| 14:45 | Queue | Archer |
| 15:17 | Build | Blacksmith |
| 15:20 | Queue | Villager (Male) |
| 15:20 | Queue | Villager (Male) |
| 15:20 | Queue | Villager (Male) |
| 15:31 | Queue | Archer |
| 15:32 | Queue | Archer |
| 15:32 | Queue | Archer |
| 16:04 | Build | Farm |
| 16:06 | Build | Farm |
| 16:10 | Build | Farm |
| 16:14 | Queue | Villager (Male) |
| 16:14 | Queue | Villager (Male) |
| 16:23 | Build | Palisade Gate |
| 16:27 | Queue | Archer |
| 16:28 | Queue | Archer |
| 16:28 | Queue | Archer |
| 16:28 | Queue | Archer |
| 16:35 | Build | House |
| 16:38 | Build | House |
| 16:52 | Research | Double-Bit Axe |
| 17:24 | Build | House |
| 17:39 | Build | Farm |
| 17:39 | Queue | Villager (Male) |
| 17:39 | Queue | Villager (Male) |
| 17:40 | Queue | Villager (Male) |
| 17:40 | Queue | Villager (Male) |
| 17:41 | Build | Farm |
| 17:42 | Build | Farm |
| 17:43 | Build | Farm |
| 17:45 | Build | Farm |
| 17:48 | Queue | Villager (Male) |
| 17:48 | Queue | Villager (Male) |
| 17:48 | Queue | Villager (Male) |
| 17:51 | Queue | Archer |
| 17:51 | Queue | Archer |
| 17:51 | Queue | Archer |
| 17:52 | Queue | Archer |
| 18:20 | Build | Farm |
| 18:21 | Build | Farm |
| 19:45 | Build | Blacksmith |
| 20:39 | Research | Castle Age |
| 20:43 | Build | Archery Range |
| 20:55 | Research | Fletching |
| 20:58 | Queue | Archer |
| 20:59 | Queue | Archer |
| 20:59 | Queue | Archer |
Build order — WASKA EN LA CARA
First 150 of 164 actions detected
| 0:01 | Queue | Villager (Male) |
| 0:01 | Queue | Villager (Male) |
| 0:01 | Queue | Villager (Male) |
| 0:03 | Build | House |
| 0:04 | Build | House |
| 0:11 | Queue | Villager (Male) |
| 1:35 | Queue | Villager (Male) |
| 1:35 | Queue | Villager (Male) |
| 1:49 | Queue | Villager (Male) |
| 1:49 | Queue | Villager (Male) |
| 2:38 | Queue | Villager (Male) |
| 2:38 | Queue | Villager (Male) |
| 2:53 | Queue | Villager (Male) |
| 2:53 | Queue | Villager (Male) |
| 3:31 | Build | Lumber Camp |
| 3:43 | Queue | Villager (Male) |
| 3:43 | Queue | Villager (Male) |
| 4:24 | Queue | Villager (Male) |
| 4:24 | Queue | Villager (Male) |
| 4:39 | Queue | Villager (Male) |
| 4:40 | Queue | Villager (Male) |
| 4:40 | Queue | Villager (Male) |
| 4:52 | Build | House |
| 4:57 | Research | Loom |
| 5:02 | Queue | Villager (Male) |
| 5:02 | Queue | Villager (Male) |
| 5:02 | Queue | Villager (Male) |
| 5:26 | Queue | Villager (Male) |
| 5:26 | Queue | Villager (Male) |
| 5:26 | Queue | Villager (Male) |
| 5:26 | Queue | Villager (Male) |
| 5:30 | Build | Mill |
| 6:13 | Queue | Villager (Male) |
| 7:34 | Research | Feudal Age |
| 8:10 | Build | Barracks |
| 8:12 | Build | House |
| 9:25 | Build | Palisade Wall |
| 9:44 | Age | Feudal Age |
| 9:46 | Build | Stable |
| 10:01 | Build | House |
| 10:05 | Build | House |
| 10:18 | Queue | Villager (Male) |
| 10:18 | Queue | Villager (Male) |
| 10:23 | Research | Double-Bit Axe |
| 10:54 | Build | Palisade Wall |
| 10:56 | Queue | Villager (Male) |
| 10:56 | Queue | Scout Cavalry |
| 10:57 | Queue | Scout Cavalry |
| 10:59 | Queue | Scout Cavalry |
| 11:00 | Queue | Villager (Male) |
| 11:23 | Build | House |
| 11:47 | Queue | Villager (Male) |
| 11:49 | Queue | Scout Cavalry |
| 11:49 | Queue | Scout Cavalry |
| 11:50 | Queue | Villager (Male) |
| 12:34 | Queue | Scout Cavalry |
| 12:35 | Queue | Villager (Male) |
| 12:41 | Build | House |
| 12:44 | Build | Palisade Wall |
| 12:55 | Build | Market |
| 13:03 | Queue | Villager (Male) |
| 13:04 | Queue | Scout Cavalry |
| 13:08 | Build | Farm |
| 13:08 | Build | Farm |
| 13:08 | Build | Farm |
| 13:09 | Build | Farm |
| 13:09 | Build | Farm |
| 13:09 | Build | Farm |
| 13:28 | Queue | Villager (Male) |
| 13:33 | Build | Farm |
| 13:48 | Queue | Villager (Male) |
| 14:16 | Queue | Villager (Male) |
| 14:23 | Build | Farm |
| 14:25 | Build | Farm |
| 14:26 | Build | Farm |
| 14:27 | Build | Farm |
| 14:30 | Build | Palisade Wall |
| 14:36 | Queue | Villager (Male) |
| 14:36 | Queue | Villager (Male) |
| 15:04 | Queue | Villager (Male) |
| 15:23 | Build | Farm |
| 15:23 | Build | Farm |
| 15:29 | Queue | Villager (Male) |
| 15:29 | Queue | Villager (Male) |
| 15:50 | Build | Mining Camp |
| 16:53 | Queue | Villager (Male) |
| 16:54 | Queue | Villager (Male) |
| 17:19 | Queue | Villager (Male) |
| 17:24 | Queue | Villager (Male) |
| 17:25 | Queue | Villager (Male) |
| 17:41 | Queue | Villager (Male) |
| 17:57 | Queue | Villager (Male) |
| 18:02 | Build | Farm |
| 18:03 | Build | Farm |
| 18:03 | Build | Farm |
| 18:05 | Build | Farm |
| 18:08 | Build | Farm |
| 18:08 | Build | Farm |
| 18:11 | Build | Farm |
| 18:19 | Queue | Scout Cavalry |
| 18:20 | Queue | Scout Cavalry |
| 18:27 | Build | Farm |
| 18:45 | Build | Farm |
| 19:07 | Research | Castle Age |
| 19:12 | Build | Stable |
| 19:32 | Build | House |
| 19:34 | Build | House |
| 19:36 | Build | House |
| 19:39 | Build | House |
| 19:41 | Build | House |
| 19:45 | Build | Farm |
| 19:53 | Build | House |
| 19:56 | Build | House |
| 20:04 | Build | Farm |
| 20:16 | Build | Palisade Gate |
| 20:19 | Build | House |
| 20:21 | Build | House |
| 20:37 | Build | House |
| 20:38 | Build | House |
| 22:03 | Age | Castle Age |
| 22:05 | Queue | Knight |
| 22:05 | Queue | Knight |
| 22:06 | Queue | Knight |
| 22:11 | Queue | Villager (Male) |
| 22:11 | Queue | Villager (Male) |
| 23:10 | Build | Mining Camp |
| 23:34 | Queue | Villager (Male) |
| 23:34 | Queue | Villager (Male) |
| 23:35 | Queue | Villager (Male) |
| 23:35 | Queue | Villager (Male) |
| 23:56 | Queue | Villager (Male) |
| 23:56 | Queue | Villager (Male) |
| 23:57 | Queue | Villager (Male) |
| 24:16 | Build | Lumber Camp |
| 24:18 | Queue | Villager (Male) |
| 24:19 | Queue | Villager (Male) |
| 24:46 | Queue | Knight |
| 24:46 | Queue | Knight |
| 24:46 | Queue | Knight |
| 24:56 | Queue | Villager (Male) |
| 24:57 | Queue | Villager (Male) |
| 24:57 | Queue | Villager (Male) |
| 24:57 | Queue | Villager (Male) |
| 25:18 | Build | Farm |
| 25:39 | Queue | Knight |
| 25:39 | Queue | Knight |
| 25:53 | Build | Farm |
| 25:53 | Build | Farm |
| 25:56 | Queue | Knight |
| 26:24 | Build | Palisade Gate |
Build order — CONCHA MÁGICA
First 150 of 208 actions detected
| 0:00 | Queue | Villager (Male) |
| 0:01 | Queue | Villager (Male) |
| 0:01 | Queue | Villager (Male) |
| 0:01 | Queue | Villager (Male) |
| 0:02 | Build | House |
| 0:04 | Build | House |
| 0:54 | Build | Barracks |
| 1:09 | Queue | Villager (Male) |
| 1:09 | Queue | Villager (Male) |
| 1:40 | Queue | Villager (Male) |
| 1:40 | Queue | Villager (Male) |
| 2:07 | Queue | Villager (Male) |
| 2:20 | Queue | Unit 2550 |
| 2:57 | Queue | Villager (Male) |
| 3:23 | Queue | Villager (Male) |
| 3:24 | Queue | Villager (Male) |
| 3:44 | Queue | Villager (Male) |
| 3:45 | Queue | Villager (Male) |
| 4:04 | Build | House |
| 4:12 | Queue | Villager (Male) |
| 4:12 | Queue | Villager (Male) |
| 4:54 | Queue | Villager (Male) |
| 4:56 | Queue | Villager (Male) |
| 5:18 | Queue | Villager (Male) |
| 5:48 | Build | Settlement |
| 5:48 | Queue | Villager (Male) |
| 5:48 | Queue | Villager (Male) |
| 5:50 | Queue | Villager (Male) |
| 5:56 | Queue | Villager (Male) |
| 6:35 | Queue | Villager (Male) |
| 6:36 | Queue | Villager (Male) |
| 6:36 | Queue | Villager (Male) |
| 6:43 | Queue | Villager (Male) |
| 6:54 | Queue | Unit 2550 |
| 7:19 | Queue | Villager (Male) |
| 7:22 | Queue | Unit 2550 |
| 7:44 | Queue | Villager (Male) |
| 7:49 | Build | House |
| 8:03 | Queue | Villager (Male) |
| 8:13 | Build | Palisade Wall |
| 8:16 | Queue | Villager (Male) |
| 8:27 | Queue | Villager (Male) |
| 8:36 | Queue | Villager (Male) |
| 9:00 | Build | Settlement |
| 9:04 | Queue | Villager (Male) |
| 9:33 | Queue | Villager (Male) |
| 9:45 | Build | Farm |
| 9:58 | Queue | Villager (Male) |
| 10:01 | Build | Palisade Wall |
| 10:09 | Queue | Villager (Male) |
| 10:12 | Build | Farm |
| 10:13 | Queue | Villager (Male) |
| 10:33 | Build | Palisade Wall |
| 10:41 | Build | Farm |
| 10:41 | Build | Farm |
| 10:41 | Build | Farm |
| 10:44 | Queue | Villager (Male) |
| 10:50 | Build | Palisade Wall |
| 10:58 | Research | Feudal Age |
| 11:05 | Build | Palisade Wall |
| 11:20 | Build | Palisade Wall |
| 11:24 | Build | Farm |
| 11:28 | Build | Farm |
| 11:59 | Build | Palisade Wall |
| 12:05 | Build | Farm |
| 12:31 | Build | Farm |
| 12:39 | Queue | Villager (Male) |
| 12:44 | Build | House |
| 13:19 | Build | Palisade Wall |
| 13:19 | Age | Feudal Age |
| 13:20 | Build | Palisade Wall |
| 13:26 | Build | Palisade Wall |
| 13:30 | Build | Palisade Wall |
| 13:32 | Build | Palisade Wall |
| 13:33 | Build | Palisade Wall |
| 13:35 | Build | House |
| 13:38 | Build | House |
| 13:41 | Build | Palisade Wall |
| 13:45 | Queue | Spearman |
| 13:51 | Queue | Villager (Male) |
| 14:10 | Queue | Spearman |
| 14:11 | Queue | Villager (Male) |
| 14:26 | Build | Farm |
| 14:33 | Build | Farm |
| 14:33 | Queue | Villager (Male) |
| 14:43 | Research | Loom |
| 14:58 | Build | House |
| 14:59 | Queue | Villager (Male) |
| 15:03 | Queue | Villager (Male) |
| 15:07 | Queue | Villager (Male) |
| 15:13 | Queue | Villager (Male) |
| 15:20 | Queue | Villager (Male) |
| 15:29 | Build | Market |
| 15:30 | Queue | Villager (Male) |
| 15:36 | Build | Blacksmith |
| 15:37 | Queue | Villager (Male) |
| 15:55 | Research | Double-Bit Axe |
| 16:19 | Queue | Spearman |
| 16:21 | Build | Farm |
| 16:23 | Queue | Villager (Male) |
| 16:50 | Queue | Villager (Male) |
| 17:09 | Queue | Villager (Male) |
| 17:17 | Build | Farm |
| 17:17 | Build | Farm |
| 17:18 | Build | Farm |
| 17:18 | Build | Farm |
| 17:34 | Queue | Spearman |
| 17:41 | Research | Wheelbarrow |
| 18:09 | Build | Barracks |
| 18:23 | Research | Tech 1402 |
| 18:23 | Research | Tech 1402 |
| 18:49 | Build | Barracks |
| 19:02 | Build | Farm |
| 19:20 | Research | Castle Age |
| 19:20 | Research | Castle Age |
| 20:31 | Research | Tech 1402 |
| 20:33 | Research | Scale Mail Armor |
| 20:35 | Research | Gold Mining |
| 20:36 | Research | Horse Collar |
| 20:39 | Queue | Unit 2550 |
| 20:59 | Queue | Unit 2550 |
| 21:18 | Build | Farm |
| 21:23 | Queue | Unit 2550 |
| 21:31 | Queue | Unit 2550 |
| 21:31 | Queue | Unit 2550 |
| 21:38 | Queue | Villager (Male) |
| 21:47 | Build | Farm |
| 21:49 | Build | Farm |
| 21:49 | Build | Farm |
| 21:55 | Queue | Unit 2550 |
| 22:00 | Age | Castle Age |
| 22:07 | Research | Tech 1351 |
| 22:28 | Queue | Unit 2550 |
| 22:35 | Queue | Villager (Male) |
| 22:43 | Build | Barracks |
| 22:48 | Research | Chain Mail Armor |
| 23:12 | Queue | Villager (Male) |
| 23:14 | Build | Farm |
| 23:14 | Build | Farm |
| 23:17 | Research | Squires |
| 23:20 | Queue | Unit 2550 |
| 23:21 | Queue | Unit 2550 |
| 23:26 | Build | Farm |
| 23:27 | Queue | Villager (Male) |
| 23:43 | Queue | Unit 2550 |
| 23:43 | Queue | Unit 2550 |
| 23:51 | Build | House |
| 23:52 | Queue | Unit 2550 |
| 23:59 | Queue | Villager (Male) |
| 24:18 | Queue | Unit 2550 |
Build order — LMG_Leonardo
First 150 of 162 actions detected
| 0:01 | Queue | Villager (Male) |
| 0:01 | Queue | Villager (Male) |
| 0:01 | Queue | Villager (Male) |
| 0:02 | Build | House |
| 0:04 | Build | House |
| 0:27 | Queue | Villager (Male) |
| 0:28 | Queue | Villager (Male) |
| 1:36 | Queue | Villager (Male) |
| 1:36 | Queue | Villager (Male) |
| 1:50 | Build | Lumber Camp |
| 1:59 | Queue | Villager (Male) |
| 1:59 | Queue | Villager (Male) |
| 2:18 | Queue | Villager (Male) |
| 2:18 | Queue | Villager (Male) |
| 2:54 | Queue | Villager (Male) |
| 2:55 | Queue | Villager (Male) |
| 2:55 | Queue | Villager (Male) |
| 3:05 | Build | House |
| 3:34 | Queue | Villager (Male) |
| 3:34 | Queue | Villager (Male) |
| 3:35 | Queue | Villager (Male) |
| 4:00 | Queue | Villager (Male) |
| 4:00 | Queue | Villager (Male) |
| 4:30 | Build | Mill |
| 4:52 | Queue | Villager (Male) |
| 4:52 | Queue | Villager (Male) |
| 4:53 | Research | Loom |
| 5:24 | Queue | Villager (Male) |
| 5:56 | Build | House |
| 6:08 | Queue | Villager (Male) |
| 6:40 | Queue | Villager (Male) |
| 7:04 | Research | Feudal Age |
| 7:04 | Research | Feudal Age |
| 8:08 | Build | House |
| 8:57 | Build | Barracks |
| 9:16 | Age | Feudal Age |
| 9:40 | Queue | Villager (Male) |
| 9:40 | Queue | Villager (Male) |
| 9:44 | Build | Stable |
| 9:54 | Queue | Villager (Male) |
| 9:54 | Queue | Villager (Male) |
| 10:16 | Build | Palisade Gate |
| 10:30 | Build | House |
| 10:32 | Build | House |
| 10:34 | Build | Palisade Wall |
| 10:37 | Queue | Scout Cavalry |
| 10:37 | Queue | Scout Cavalry |
| 10:37 | Queue | Scout Cavalry |
| 10:43 | Build | Farm |
| 10:44 | Build | Farm |
| 10:48 | Queue | Villager (Male) |
| 10:51 | Build | House |
| 10:52 | Build | House |
| 10:53 | Research | Double-Bit Axe |
| 11:00 | Build | Palisade Wall |
| 11:03 | Queue | Villager (Male) |
| 11:04 | Queue | Scout Cavalry |
| 11:33 | Build | Palisade Wall |
| 11:42 | Queue | Villager (Male) |
| 11:56 | Build | Palisade Wall |
| 11:57 | Build | Palisade Wall |
| 12:01 | Queue | Villager (Male) |
| 12:01 | Queue | Villager (Male) |
| 12:20 | Build | Blacksmith |
| 12:22 | Build | House |
| 12:34 | Queue | Villager (Male) |
| 12:57 | Queue | Villager (Male) |
| 12:57 | Queue | Villager (Male) |
| 13:23 | Queue | Villager (Male) |
| 13:49 | Build | Farm |
| 13:52 | Build | Farm |
| 13:53 | Build | Farm |
| 13:55 | Build | Farm |
| 13:57 | Build | Farm |
| 13:58 | Build | Farm |
| 14:00 | Build | Farm |
| 14:30 | Queue | Villager (Male) |
| 14:30 | Queue | Villager (Male) |
| 15:24 | Build | Farm |
| 15:28 | Build | Mining Camp |
| 15:44 | Queue | Villager (Male) |
| 15:50 | Build | Farm |
| 15:51 | Build | Farm |
| 15:51 | Build | Farm |
| 15:51 | Build | Farm |
| 15:52 | Build | Farm |
| 15:59 | Research | Wheelbarrow |
| 16:20 | Queue | Villager (Male) |
| 16:20 | Queue | Villager (Male) |
| 16:35 | Queue | Villager (Male) |
| 16:35 | Queue | Villager (Male) |
| 16:49 | Build | Palisade Wall |
| 16:52 | Build | Palisade Wall |
| 16:54 | Build | Palisade Wall |
| 17:10 | Queue | Villager (Male) |
| 17:10 | Queue | Villager (Male) |
| 17:28 | Build | Palisade Wall |
| 17:29 | Build | Palisade Wall |
| 17:30 | Build | Palisade Wall |
| 17:45 | Queue | Scout Cavalry |
| 17:45 | Queue | Scout Cavalry |
| 17:59 | Queue | Villager (Male) |
| 18:34 | Build | Palisade Wall |
| 18:39 | Build | Farm |
| 18:42 | Build | Farm |
| 19:06 | Build | Farm |
| 19:19 | Research | Castle Age |
| 19:41 | Build | Stable |
| 20:20 | Research | Bloodlines |
| 20:22 | Research | Scale Barding Armor |
| 20:33 | Build | Palisade Gate |
| 21:14 | Queue | Villager (Male) |
| 21:14 | Queue | Villager (Male) |
| 21:19 | Build | Farm |
| 21:22 | Build | Farm |
| 21:24 | Research | Horse Collar |
| 21:28 | Queue | Scout Cavalry |
| 21:29 | Queue | Scout Cavalry |
| 21:29 | Queue | Scout Cavalry |
| 21:29 | Queue | Scout Cavalry |
| 21:32 | Queue | Scout Cavalry |
| 22:20 | Age | Castle Age |
| 22:29 | Research | Light Cavalry (upgrade) |
| 22:50 | Queue | Scout Cavalry |
| 22:50 | Queue | Scout Cavalry |
| 22:50 | Queue | Scout Cavalry |
| 23:06 | Build | Farm |
| 23:12 | Queue | Villager (Male) |
| 23:37 | Queue | Villager (Male) |
| 23:50 | Queue | Villager (Male) |
| 24:00 | Research | Chain Barding Armor |
| 24:11 | Build | House |
| 24:36 | Queue | Villager (Male) |
| 24:36 | Queue | Villager (Male) |
| 24:37 | Queue | Villager (Male) |
| 25:04 | Queue | Villager (Male) |
| 25:04 | Queue | Villager (Male) |
| 25:05 | Queue | Knight |
| 25:05 | Queue | Knight |
| 25:05 | Queue | Knight |
| 25:06 | Queue | Knight |
| 25:29 | Queue | Scout Cavalry |
| 25:29 | Queue | Scout Cavalry |
| 25:29 | Queue | Scout Cavalry |
| 26:17 | Queue | Scout Cavalry |
| 26:17 | Queue | Scout Cavalry |
| 26:17 | Queue | Scout Cavalry |
| 26:18 | Queue | Scout Cavalry |
| 26:30 | Queue | Villager (Male) |
| 26:49 | Build | Town Center |
Match timeline
| 0:54 | CONCHA MÁGICA · first_building Barracks |
| 8:10 | WASKA EN LA CARA · first_building Barracks |
| 8:13 | CONCHA MÁGICA · wall_segment Palisade Wall x1 |
| 8:32 | LMG_HERA DE TEMU · first_building Barracks |
| 8:57 | LMG_Leonardo · first_building Barracks |
| 9:08 | LMG_HERA DE TEMU · wall_segment Palisade Wall x1 |
| 9:09 | LMG_HERA DE TEMU · wall_segment Palisade Wall x1 |
| 9:13 | LMG_HERA DE TEMU · wall_segment Palisade Wall x1 |
| 9:14 | LMG_HERA DE TEMU · wall_segment Palisade Wall x1 |
| 9:16 | LMG_HERA DE TEMU · age_up feudal |
| 9:16 | LMG_Leonardo · age_up feudal |
| 9:25 | WASKA EN LA CARA · wall_segment Palisade Wall x8 |
| 9:40 | LMG_HERA DE TEMU · first_building Archery Range |
| 9:44 | WASKA EN LA CARA · age_up feudal |
| 9:44 | LMG_Leonardo · first_building Stable |
| 9:46 | WASKA EN LA CARA · first_building Stable |
| 10:01 | CONCHA MÁGICA · wall_segment Palisade Wall x9 |
| 10:06 | LMG_HERA DE TEMU · wall_segment Palisade Wall x5 |
| 10:13 | LMG_HERA DE TEMU · wall_segment Palisade Wall x6 |
| 10:33 | CONCHA MÁGICA · wall_segment Palisade Wall x11 |
| 10:34 | LMG_Leonardo · wall_segment Palisade Wall x6 |
| 10:50 | CONCHA MÁGICA · wall_segment Palisade Wall x12 |
| 10:54 | WASKA EN LA CARA · wall_segment Palisade Wall x6 |
| 10:56 | LMG_HERA DE TEMU · wall_segment Palisade Wall x5 |
| 11:00 | LMG_Leonardo · wall_segment Palisade Wall x21 |
| 11:05 | CONCHA MÁGICA · wall_segment Palisade Wall x17 |
| 11:20 | CONCHA MÁGICA · wall_segment Palisade Wall x9 |
| 11:21 | LMG_HERA DE TEMU · wall_segment Palisade Wall x1 |
| 11:33 | LMG_Leonardo · wall_segment Palisade Wall x13 |
| 11:56 | LMG_Leonardo · wall_segment Palisade Wall x10 |
| 11:57 | LMG_Leonardo · wall_segment Palisade Wall x1 |
| 11:59 | CONCHA MÁGICA · wall_segment Palisade Wall x9 |
| 12:44 | WASKA EN LA CARA · wall_segment Palisade Wall x4 |
| 13:19 | CONCHA MÁGICA · age_up feudal |
| 13:19 | CONCHA MÁGICA · wall_segment Palisade Wall x1 |
| 13:20 | CONCHA MÁGICA · wall_segment Palisade Wall x1 |
| 13:26 | CONCHA MÁGICA · wall_segment Palisade Wall x1 |
| 13:30 | CONCHA MÁGICA · wall_segment Palisade Wall x1 |
| 13:32 | CONCHA MÁGICA · wall_segment Palisade Wall x1 |
| 13:33 | CONCHA MÁGICA · wall_segment Palisade Wall x1 |
| 13:41 | CONCHA MÁGICA · wall_segment Palisade Wall x1 |
| 14:30 | WASKA EN LA CARA · wall_segment Palisade Wall x8 |
| 16:36 | CONCHA MÁGICA · first_market_sell 500 stone |
| 16:49 | LMG_Leonardo · wall_segment Palisade Wall x1 |
| 16:52 | LMG_Leonardo · wall_segment Palisade Wall x1 |
| 16:54 | LMG_Leonardo · wall_segment Palisade Wall x1 |
| 17:28 | LMG_Leonardo · wall_segment Palisade Wall x1 |
| 17:29 | LMG_Leonardo · wall_segment Palisade Wall x2 |
| 17:30 | LMG_Leonardo · wall_segment Palisade Wall x1 |
| 18:34 | LMG_Leonardo · wall_segment Palisade Wall x1 |
| 18:52 | WASKA EN LA CARA · first_market_sell 100 stone |
| 18:56 | WASKA EN LA CARA · first_market_buy 100 food |
| 22:00 | CONCHA MÁGICA · age_up castle |
| 22:03 | WASKA EN LA CARA · age_up castle |
| 22:20 | LMG_Leonardo · age_up castle |
| 23:19 | LMG_HERA DE TEMU · age_up castle |
| 27:57 | LMG_HERA DE TEMU · first_building Stable |
| 28:31 | CONCHA MÁGICA · resign |
[ AI ANALYSIS · 1 CREDIT ]
What really happened in this match?
Wolo.gg analyzes every decision: build order, eco, micro, common mistakes by bracket. Personalized analysis on WhatsApp or Discord in 30 seconds.
Civ guide
Wei
Perfil
Jugador #12168959